[ PARTIDA AOE2 · #475287179 ]
UnrankedItalianos vs Ethiopians
[ ANÁLISIS DE REPETICIÓN · EXTRAÍDO DE LA PARTIDA GRABADA ]
Feudal
13:56
Castillos
17:51
Imperial
34:27
| APM promedio | 32.6 |
| APM pico | 79 |
| eAPM promedio | 15.5 |
| Aldeanos / militares | 100 / 48 |
Foco
⚔️ 28.8% · 🌾 71.2%
Genoese Crossbowman ×45 · Unknown (882) ×11 · Trebuchet (Packed) ×3
Feudal
13:43
Castillos
17:26
Imperial
—
| APM promedio | 49.9 |
| APM pico | 87 |
| eAPM promedio | 20.7 |
| Aldeanos / militares | 58 / 77 |
Foco
⚔️ 41.6% · 🌾 58.4%
Archer ×77
Feudal
12:52
Castillos
17:17
Imperial
34:12
| APM promedio | 33.2 |
| APM pico | 61 |
| eAPM promedio | 20.3 |
| Aldeanos / militares | 156 / 71 |
Foco
⚔️ 36.4% · 🌾 63.6%
Kamayuk ×28 · Archer ×23 · Skirmisher ×8 · Mangonel ×7 · Unknown (2550) ×6 · Battering Ram ×3
Feudal
13:39
Castillos
17:10
Imperial
—
| APM promedio | 38.7 |
| APM pico | 78 |
| eAPM promedio | 21.5 |
| Aldeanos / militares | 105 / 70 |
Foco
⚔️ 22.7% · 🌾 77.3%
Cavalry Archer ×61 · Knight ×4 · Battering Ram ×4 · Mangonel ×1
Feudal
13:19
Castillos
17:19
Imperial
—
| APM promedio | 44.3 |
| APM pico | 78 |
| eAPM promedio | 21.1 |
| Aldeanos / militares | 119 / 57 |
Foco
⚔️ 26.7% · 🌾 73.3%
Plumed Archer ×50 · Eagle Scout ×5 · Mangonel ×1 · Trade Cart ×1 · Battering Ram ×1
Feudal
13:29
Castillos
17:25
Imperial
—
| APM promedio | 38.5 |
| APM pico | 73 |
| eAPM promedio | 19.0 |
| Aldeanos / militares | 61 / 49 |
Foco
⚔️ 43.6% · 🌾 56.4%
Steppe Lancer ×38 · Battering Ram ×7 · Scorpion ×4
Feudal
12:23
Castillos
16:35
Imperial
—
| APM promedio | 28.4 |
| APM pico | 62 |
| eAPM promedio | 18.4 |
| Aldeanos / militares | 76 / 75 |
Foco
⚔️ 33.3% · 🌾 66.7%
Magyar Huszar ×72 · Battering Ram ×3
Feudal
12:24
Castillos
17:46
Imperial
38:49
| APM promedio | 37.3 |
| APM pico | 63 |
| eAPM promedio | 20.7 |
| Aldeanos / militares | 153 / 7 |
Foco
⚔️ 21.7% · 🌾 78.3%
Serjeant ×4 · Battering Ram ×2 · Monk ×1
Mapa de la partida
Recursos iniciales + cada clic de construcción. Líneas = muros · curvas = relieve. ◆ oro · ⬟ piedra · ● bayas · ✦ reliquia · ◌ hueco del cierre
Tu base· Abierta — flanco sin cerrar
Base de 橘子洲头一渔夫· Abierta — flanco sin cerrar
Base de 云无月o· Abierta — flanco sin cerrar
Base de 屠神除4害· Abierta — flanco sin cerrar
Base de 雲· Abierta — flanco sin cerrar
Base de 周朝野人· Abierta — flanco sin cerrar
Base de 十字。· Abierta — hueco de 10t
Base de 快乐大唐果· Abierta — hueco de 4t
Terreno inicial suavizado · ◌ = hueco del cierre detectado · pasá el cursor para detalles
Inputs por minuto
— 偏科生 - - 橘子洲头一渔夫
Build order — 偏科生
Primeras 150 de 267 acciones detectadas
| 0:26 | Construir | Town Center |
| 2:20 | Construir | House |
| 2:47 | Crear | Villager (Male) |
| 2:47 | Crear | Villager (Male) |
| 2:47 | Crear | Villager (Male) |
| 2:47 | Crear | Villager (Male) |
| 2:48 | Crear | Villager (Male) |
| 3:39 | Crear | Villager (Male) |
| 3:39 | Crear | Villager (Male) |
| 4:21 | Construir | House |
| 4:33 | Construir | House |
| 4:38 | Crear | Villager (Male) |
| 4:39 | Crear | Villager (Male) |
| 4:46 | Construir | House |
| 4:52 | Crear | Villager (Male) |
| 5:00 | Construir | House |
| 5:08 | Crear | Villager (Male) |
| 5:20 | Construir | Lumber Camp |
| 5:23 | Construir | House |
| 5:25 | Construir | House |
| 6:08 | Crear | Villager (Male) |
| 6:08 | Crear | Villager (Male) |
| 6:09 | Crear | Villager (Male) |
| 6:58 | Crear | Villager (Male) |
| 6:59 | Crear | Villager (Male) |
| 7:16 | Crear | Villager (Male) |
| 7:16 | Crear | Villager (Male) |
| 8:12 | Crear | Villager (Male) |
| 8:31 | Construir | Mill |
| 8:34 | Crear | Villager (Male) |
| 8:34 | Crear | Villager (Male) |
| 8:34 | Crear | Villager (Male) |
| 8:46 | Construir | House |
| 8:57 | Crear | Villager (Male) |
| 9:04 | Construir | House |
| 9:38 | Construir | House |
| 9:53 | Crear | Villager (Male) |
| 10:00 | Construir | House |
| 10:28 | Crear | Villager (Male) |
| 10:43 | Construir | Palisade Wall |
| 10:48 | Construir | Palisade Wall |
| 10:51 | Construir | Palisade Wall |
| 10:53 | Construir | Palisade Wall |
| 10:56 | Crear | Villager (Male) |
| 11:08 | Construir | Mining Camp |
| 11:16 | Crear | Villager (Male) |
| 11:44 | Investigar | Feudal Age |
| 13:43 | Crear | Villager (Male) |
| 13:43 | Crear | Villager (Male) |
| 13:56 | Edad | Edad Feudal |
| 14:00 | Construir | Market |
| 14:03 | Construir | Blacksmith |
| 14:38 | Crear | Villager (Male) |
| 15:08 | Investigar | Castle Age |
| 15:08 | Investigar | Castle Age |
| 15:25 | Investigar | Double-Bit Axe |
| 15:29 | Investigar | Loom |
| 17:12 | Construir | House |
| 17:13 | Construir | House |
| 17:15 | Construir | House |
| 17:51 | Edad | Edad de los Castillos |
| 17:57 | Construir | Castle |
| 18:01 | Crear | Villager (Male) |
| 18:02 | Crear | Villager (Male) |
| 18:41 | Construir | Mining Camp |
| 18:49 | Construir | Town Center |
| 18:55 | Crear | Villager (Male) |
| 19:15 | Crear | Villager (Male) |
| 19:33 | Construir | Lumber Camp |
| 19:37 | Crear | Genoese Crossbowman |
| 19:37 | Crear | Genoese Crossbowman |
| 19:41 | Crear | Villager (Male) |
| 20:01 | Crear | Villager (Male) |
| 20:04 | Investigar | Gold Mining |
| 20:13 | Crear | Villager (Male) |
| 20:13 | Crear | Villager (Male) |
| 20:26 | Crear | Genoese Crossbowman |
| 20:26 | Crear | Genoese Crossbowman |
| 20:31 | Crear | Villager (Male) |
| 20:32 | Crear | Villager (Male) |
| 21:04 | Crear | Villager (Male) |
| 21:07 | Crear | Genoese Crossbowman |
| 21:09 | Investigar | Bow Saw |
| 21:12 | Investigar | Fletching |
| 21:14 | Crear | Genoese Crossbowman |
| 21:17 | Crear | Villager (Male) |
| 21:17 | Crear | Villager (Male) |
| 21:28 | Construir | House |
| 21:30 | Construir | House |
| 21:36 | Construir | House |
| 21:44 | Crear | Villager (Male) |
| 21:46 | Crear | Genoese Crossbowman |
| 21:46 | Crear | Genoese Crossbowman |
| 21:49 | Investigar | Padded Archer Armor |
| 21:50 | Investigar | Padded Archer Armor |
| 22:05 | Crear | Genoese Crossbowman |
| 22:09 | Investigar | Bodkin Arrow |
| 22:18 | Crear | Villager (Male) |
| 22:18 | Crear | Villager (Male) ×3 |
| 22:21 | Crear | Genoese Crossbowman |
| 22:22 | Crear | Genoese Crossbowman |
| 22:34 | Crear | Genoese Crossbowman |
| 22:34 | Crear | Genoese Crossbowman |
| 22:39 | Crear | Villager (Male) |
| 22:39 | Crear | Villager (Male) |
| 22:51 | Crear | Genoese Crossbowman |
| 22:51 | Crear | Genoese Crossbowman |
| 22:54 | Crear | Villager (Male) |
| 22:55 | Crear | Villager (Male) |
| 23:05 | Crear | Villager (Male) |
| 23:05 | Crear | Villager (Male) |
| 23:12 | Construir | Farm |
| 23:12 | Construir | Farm |
| 23:12 | Construir | Farm |
| 23:13 | Construir | Farm |
| 23:13 | Construir | Farm |
| 23:19 | Crear | Genoese Crossbowman |
| 23:19 | Crear | Genoese Crossbowman |
| 23:19 | Crear | Genoese Crossbowman |
| 23:30 | Construir | Mining Camp |
| 23:35 | Crear | Villager (Male) |
| 23:35 | Crear | Villager (Male) |
| 23:44 | Construir | University |
| 23:53 | Construir | House |
| 24:15 | Construir | Watch Tower |
| 24:29 | Crear | Genoese Crossbowman |
| 24:30 | Crear | Genoese Crossbowman |
| 24:37 | Crear | Villager (Male) |
| 24:50 | Construir | House |
| 24:52 | Construir | House |
| 25:01 | Construir | House |
| 25:07 | Construir | House |
| 25:26 | Investigar | Wheelbarrow |
| 25:27 | Crear | Villager (Male) |
| 25:47 | Crear | Genoese Crossbowman |
| 25:47 | Crear | Genoese Crossbowman |
| 25:48 | Crear | Villager (Male) |
| 25:49 | Crear | Villager (Male) |
| 26:08 | Crear | Villager (Male) |
| 26:23 | Investigar | Town Watch |
| 26:27 | Construir | Farm |
| 26:28 | Construir | Farm |
| 26:50 | Crear | Genoese Crossbowman |
| 26:50 | Crear | Genoese Crossbowman |
| 26:50 | Crear | Genoese Crossbowman |
| 26:57 | Investigar | Ballistics |
| 26:57 | Investigar | Ballistics |
| 26:59 | Crear | Villager (Male) |
| 26:59 | Crear | Villager (Male) |
| 26:59 | Crear | Villager (Male) |
Build order — 橘子洲头一渔夫
Primeras 150 de 194 acciones detectadas
| 0:15 | Construir | Town Center |
| 0:37 | Construir | Town Center |
| 0:41 | Construir | House |
| 1:55 | Construir | House |
| 3:02 | Construir | House |
| 3:12 | Crear | Villager (Male) |
| 3:13 | Crear | Villager (Male) |
| 3:13 | Crear | Villager (Male) |
| 3:14 | Crear | Villager (Male) |
| 4:36 | Crear | Villager (Male) |
| 5:05 | Crear | Villager (Male) |
| 5:05 | Crear | Villager (Male) |
| 5:46 | Construir | Mill |
| 5:54 | Investigar | Loom |
| 6:19 | Crear | Villager (Male) |
| 6:20 | Crear | Villager (Male) |
| 6:37 | Crear | Villager (Male) |
| 7:21 | Construir | Outpost |
| 7:32 | Crear | Villager (Male) |
| 8:01 | Crear | Villager (Male) |
| 8:16 | Crear | Villager (Male) |
| 8:39 | Crear | Villager (Male) |
| 8:43 | Construir | House |
| 9:09 | Crear | Villager (Male) |
| 9:33 | Crear | Villager (Male) |
| 10:05 | Crear | Villager (Male) |
| 10:16 | Construir | Lumber Camp |
| 10:26 | Crear | Villager (Male) |
| 10:50 | Crear | Villager (Male) |
| 11:12 | Investigar | Feudal Age |
| 11:54 | Construir | Barracks |
| 12:36 | Construir | Palisade Wall |
| 12:37 | Construir | Palisade Wall |
| 12:39 | Construir | Palisade Wall |
| 12:40 | Construir | Palisade Wall |
| 12:45 | Construir | Palisade Wall |
| 12:47 | Construir | Palisade Wall |
| 12:48 | Construir | Palisade Wall |
| 12:49 | Construir | Palisade Wall |
| 13:30 | Construir | Palisade Wall |
| 13:33 | Construir | Palisade Wall |
| 13:43 | Edad | Edad Feudal |
| 13:44 | Crear | Villager (Male) |
| 13:51 | Construir | Archery Range |
| 13:55 | Construir | Palisade Gate |
| 13:58 | Construir | Blacksmith |
| 13:59 | Crear | Villager (Male) |
| 14:46 | Investigar | Castle Age |
| 14:49 | Crear | Archer |
| 14:56 | Construir | Archery Range |
| 15:02 | Investigar | Fletching |
| 15:03 | Crear | Archer |
| 15:17 | Construir | House |
| 15:20 | Construir | Palisade Wall |
| 15:22 | Construir | Palisade Wall |
| 16:02 | Construir | House |
| 16:04 | Crear | Archer |
| 16:25 | Crear | Archer |
| 16:25 | Crear | Archer |
| 16:37 | Construir | Lumber Camp |
| 16:56 | Crear | Archer |
| 16:56 | Crear | Archer |
| 17:10 | Crear | Archer |
| 17:16 | Crear | Villager (Male) |
| 17:26 | Edad | Edad de los Castillos |
| 17:32 | Investigar | Crossbowman (upgrade) |
| 17:49 | Construir | Mill |
| 17:50 | Crear | Villager (Male) |
| 17:59 | Crear | Villager (Male) |
| 18:01 | Investigar | Double-Bit Axe |
| 18:35 | Crear | Villager (Male) |
| 18:38 | Investigar | Bodkin Arrow |
| 18:38 | Investigar | Bodkin Arrow |
| 18:46 | Crear | Villager (Male) |
| 18:58 | Crear | Archer |
| 19:09 | Construir | House |
| 19:10 | Construir | House |
| 19:31 | Crear | Villager (Male) |
| 19:33 | Crear | Archer |
| 19:33 | Crear | Archer |
| 19:46 | Crear | Villager (Male) |
| 19:53 | Crear | Archer |
| 19:54 | Crear | Archer |
| 19:54 | Crear | Archer |
| 20:09 | Crear | Villager (Male) |
| 20:48 | Construir | Town Center |
| 21:10 | Crear | Villager (Male) |
| 21:10 | Crear | Villager (Male) |
| 21:24 | Crear | Archer |
| 21:24 | Crear | Archer |
| 22:20 | Crear | Villager (Male) |
| 23:07 | Crear | Villager (Male) |
| 23:09 | Crear | Archer |
| 23:09 | Crear | Archer |
| 23:30 | Crear | Villager (Male) |
| 23:35 | Crear | Villager (Male) |
| 23:36 | Crear | Archer |
| 23:36 | Crear | Archer |
| 23:38 | Crear | Archer |
| 23:55 | Crear | Archer |
| 23:55 | Crear | Archer |
| 23:56 | Crear | Archer |
| 23:57 | Crear | Archer |
| 24:04 | Crear | Villager (Male) |
| 24:11 | Construir | Farm |
| 24:13 | Crear | Archer |
| 24:32 | Crear | Villager (Male) |
| 24:34 | Crear | Archer |
| 24:34 | Crear | Archer |
| 24:42 | Construir | Farm |
| 24:43 | Construir | Farm |
| 24:50 | Crear | Archer |
| 25:03 | Construir | House |
| 25:04 | Construir | House |
| 25:15 | Crear | Villager (Male) |
| 25:15 | Crear | Villager (Male) |
| 25:30 | Crear | Archer |
| 25:30 | Crear | Archer |
| 25:44 | Crear | Archer |
| 25:44 | Crear | Archer |
| 25:54 | Crear | Villager (Male) |
| 25:55 | Crear | Villager (Male) |
| 26:12 | Crear | Archer |
| 26:12 | Crear | Archer |
| 26:34 | Crear | Villager (Male) |
| 27:06 | Crear | Villager (Male) |
| 27:33 | Crear | Villager (Male) |
| 28:28 | Crear | Villager (Male) |
| 28:29 | Crear | Archer |
| 28:48 | Crear | Archer |
| 29:10 | Construir | Farm |
| 29:24 | Crear | Archer |
| 29:40 | Crear | Archer |
| 29:41 | Crear | Archer |
| 29:53 | Crear | Archer |
| 29:59 | Crear | Villager (Male) |
| 30:07 | Construir | Town Center |
| 30:10 | Construir | Farm |
| 30:12 | Construir | Farm |
| 30:16 | Construir | Farm |
| 30:17 | Crear | Archer |
| 30:23 | Crear | Archer |
| 30:48 | Crear | Villager (Male) |
| 31:00 | Crear | Archer |
| 31:13 | Crear | Villager (Male) |
| 31:14 | Crear | Archer |
| 31:30 | Crear | Archer |
| 31:42 | Construir | Archery Range |
| 31:44 | Crear | Villager (Male) |
| 31:58 | Crear | Archer |
Build order — 云无月o
Primeras 150 de 245 acciones detectadas
| 0:11 | Construir | Town Center |
| 0:36 | Construir | Settlement |
| 2:19 | Crear | Villager (Male) |
| 2:19 | Crear | Villager (Male) |
| 2:19 | Crear | Villager (Male) |
| 2:19 | Crear | Villager (Male) |
| 3:54 | Crear | Villager (Male) |
| 3:54 | Crear | Villager (Male) |
| 4:25 | Crear | Villager (Male) |
| 4:46 | Crear | Villager (Male) |
| 4:47 | Crear | Villager (Male) |
| 5:25 | Crear | Villager (Male) |
| 5:40 | Construir | Settlement |
| 5:42 | Crear | Villager (Male) |
| 5:43 | Crear | Villager (Male) |
| 6:55 | Crear | Villager (Male) |
| 6:55 | Crear | Villager (Male) |
| 6:56 | Crear | Villager (Male) |
| 7:22 | Crear | Villager (Male) |
| 7:23 | Crear | Villager (Male) |
| 7:23 | Crear | Villager (Male) |
| 7:47 | Construir | Settlement |
| 7:53 | Construir | Palisade Wall |
| 8:12 | Crear | Villager (Male) |
| 8:13 | Crear | Villager (Male) |
| 8:13 | Crear | Villager (Male) |
| 8:13 | Crear | Villager (Male) |
| 8:13 | Crear | Villager (Male) |
| 8:35 | Construir | House |
| 8:58 | Construir | House |
| 9:36 | Construir | Barracks |
| 9:49 | Investigar | Loom |
| 10:33 | Construir | Palisade Wall |
| 10:42 | Investigar | Feudal Age |
| 11:12 | Construir | Palisade Wall |
| 11:13 | Construir | Palisade Wall |
| 11:26 | Construir | Palisade Gate |
| 12:40 | Crear | Villager (Male) |
| 12:40 | Crear | Villager (Male) |
| 12:52 | Edad | Edad Feudal |
| 12:55 | Construir | Blacksmith |
| 13:05 | Construir | Archery Range |
| 13:07 | Construir | Palisade Wall |
| 13:09 | Construir | Palisade Wall |
| 13:25 | Crear | Villager (Male) |
| 13:36 | Construir | Palisade Wall |
| 13:40 | Construir | Palisade Wall |
| 13:47 | Crear | Villager (Male) |
| 14:37 | Investigar | Castle Age |
| 14:49 | Construir | Palisade Wall |
| 14:51 | Construir | Palisade Wall |
| 14:59 | Construir | Palisade Wall |
| 15:04 | Construir | Palisade Wall |
| 15:16 | Investigar | Horse Collar |
| 15:43 | Construir | Palisade Wall |
| 16:28 | Construir | House |
| 16:47 | Investigar | Double-Bit Axe |
| 17:09 | Construir | Farm |
| 17:10 | Construir | Farm |
| 17:10 | Construir | Farm |
| 17:13 | Construir | Farm |
| 17:14 | Construir | Farm |
| 17:15 | Construir | Farm |
| 17:17 | Edad | Edad de los Castillos |
| 17:27 | Construir | Town Center |
| 17:36 | Construir | Town Center |
| 17:41 | Crear | Villager (Male) |
| 17:42 | Crear | Villager (Male) |
| 18:04 | Construir | Town Center |
| 18:08 | Investigar | Scale Mail Armor |
| 18:08 | Investigar | Padded Archer Armor |
| 18:10 | Construir | Palisade Wall |
| 18:16 | Crear | Villager (Male) |
| 18:40 | Crear | Villager (Male) |
| 18:40 | Crear | Villager (Male) |
| 18:43 | Crear | Villager (Male) |
| 18:43 | Crear | Villager (Male) |
| 18:45 | Crear | Spearman |
| 19:02 | Crear | Villager (Male) ×5 |
| 19:27 | Crear | Villager (Male) ×5 |
| 19:57 | Construir | Archery Range |
| 20:05 | Investigar | Bow Saw |
| 20:45 | Crear | Villager (Male) ×4 |
| 20:48 | Construir | Farm |
| 20:48 | Construir | Farm |
| 20:48 | Construir | Farm |
| 20:48 | Construir | Farm |
| 21:26 | Crear | Villager (Male) ×2 |
| 21:36 | Construir | Siege Workshop |
| 21:46 | Crear | Villager (Male) ×2 |
| 21:58 | Crear | Villager (Male) |
| 21:58 | Crear | Villager (Male) |
| 22:09 | Construir | Farm |
| 22:11 | Crear | Villager (Male) |
| 22:11 | Crear | Villager (Male) |
| 22:16 | Construir | House |
| 22:19 | Construir | House |
| 22:24 | Crear | Villager (Male) |
| 22:35 | Construir | Settlement |
| 22:41 | Crear | Villager (Male) |
| 22:43 | Construir | Farm |
| 22:44 | Construir | Farm |
| 22:44 | Construir | Farm |
| 22:44 | Construir | Farm |
| 22:44 | Construir | Farm |
| 22:45 | Construir | Farm |
| 22:45 | Construir | Farm |
| 22:45 | Construir | Farm |
| 22:45 | Construir | Farm |
| 22:56 | Construir | House |
| 22:58 | Construir | House |
| 23:12 | Investigar | Wheelbarrow |
| 23:12 | Investigar | Wheelbarrow |
| 23:13 | Crear | Villager (Male) ×2 |
| 23:18 | Construir | House |
| 23:18 | Construir | House |
| 23:25 | Construir | Farm |
| 23:25 | Construir | Farm |
| 23:26 | Construir | Farm |
| 23:27 | Construir | Farm |
| 23:27 | Construir | Farm |
| 23:33 | Crear | Villager (Male) ×2 |
| 23:47 | Crear | Mangonel |
| 23:49 | Crear | Villager (Male) |
| 23:49 | Crear | Villager (Male) |
| 23:53 | Crear | Villager (Male) |
| 24:05 | Crear | Villager (Male) ×2 |
| 24:05 | Crear | Villager (Male) ×2 |
| 24:09 | Construir | Farm |
| 24:10 | Construir | Farm |
| 24:12 | Construir | Farm |
| 24:17 | Construir | Farm |
| 24:31 | Construir | Farm |
| 24:44 | Construir | Palisade Gate |
| 24:46 | Construir | Palisade Wall |
| 25:03 | Crear | Mangonel |
| 25:13 | Construir | House |
| 25:31 | Crear | Villager (Male) ×5 |
| 25:37 | Construir | Settlement |
| 25:48 | Crear | Mangonel |
| 26:24 | Crear | Mangonel |
| 26:33 | Crear | Villager (Male) ×5 |
| 26:33 | Crear | Villager (Male) ×5 |
| 26:39 | Construir | Settlement |
| 26:45 | Crear | Villager (Male) ×5 |
| 26:45 | Crear | Villager (Male) ×5 |
| 27:18 | Construir | Palisade Wall |
| 27:24 | Crear | Villager (Male) ×5 |
| 27:24 | Crear | Villager (Male) |
| 27:24 | Crear | Villager (Male) |
Build order — 屠神除4害
Primeras 150 de 263 acciones detectadas
| 0:32 | Construir | House |
| 0:42 | Construir | Town Center |
| 2:44 | Crear | Villager (Male) |
| 2:44 | Crear | Villager (Male) |
| 2:44 | Crear | Villager (Male) |
| 2:45 | Crear | Villager (Male) |
| 2:45 | Crear | Villager (Male) |
| 3:40 | Construir | House |
| 4:00 | Crear | Villager (Male) |
| 4:00 | Crear | Villager (Male) |
| 4:32 | Construir | Lumber Camp |
| 4:37 | Crear | Villager (Male) |
| 4:37 | Crear | Villager (Male) |
| 4:57 | Crear | Villager (Male) |
| 4:57 | Crear | Villager (Male) |
| 5:19 | Crear | Villager (Male) |
| 5:31 | Construir | House |
| 5:40 | Crear | Villager (Male) |
| 6:02 | Construir | House |
| 6:23 | Crear | Villager (Male) |
| 6:35 | Crear | Villager (Male) |
| 6:54 | Crear | Villager (Male) |
| 6:54 | Crear | Villager (Male) |
| 7:23 | Crear | Villager (Male) |
| 7:44 | Construir | Mill |
| 7:49 | Crear | Villager (Male) |
| 8:15 | Crear | Villager (Male) |
| 8:15 | Crear | Villager (Male) |
| 8:25 | Crear | Villager (Male) |
| 8:27 | Investigar | Loom |
| 8:39 | Construir | Palisade Wall |
| 8:42 | Construir | Palisade Wall |
| 9:36 | Crear | Villager (Male) |
| 9:37 | Crear | Villager (Male) |
| 9:45 | Construir | House |
| 9:51 | Crear | Villager (Male) |
| 9:59 | Construir | House |
| 10:03 | Construir | House |
| 10:14 | Crear | Villager (Male) |
| 10:16 | Crear | Villager (Male) |
| 10:18 | Construir | House |
| 11:25 | Investigar | Feudal Age |
| 11:26 | Investigar | Feudal Age |
| 11:40 | Construir | House |
| 12:06 | Construir | Barracks |
| 12:10 | Construir | House |
| 12:24 | Construir | House |
| 12:27 | Construir | House |
| 12:54 | Construir | Palisade Gate |
| 13:01 | Construir | Palisade Wall |
| 13:05 | Construir | Palisade Wall |
| 13:07 | Construir | Palisade Wall |
| 13:17 | Crear | Villager (Male) |
| 13:18 | Crear | Villager (Male) |
| 13:39 | Edad | Edad Feudal |
| 13:44 | Construir | Archery Range |
| 13:49 | Construir | Blacksmith |
| 14:30 | Investigar | Castle Age |
| 14:30 | Investigar | Castle Age |
| 15:11 | Investigar | Double-Bit Axe |
| 15:11 | Investigar | Double-Bit Axe |
| 15:38 | Investigar | Horse Collar |
| 15:39 | Investigar | Horse Collar |
| 15:55 | Construir | Archery Range |
| 16:03 | Crear | Villager (Male) |
| 16:17 | Investigar | Fletching |
| 16:17 | Investigar | Fletching |
| 16:49 | Construir | House |
| 17:10 | Edad | Edad de los Castillos |
| 17:13 | Crear | Cavalry Archer |
| 17:13 | Crear | Cavalry Archer |
| 17:17 | Crear | Villager (Male) |
| 17:36 | Crear | Villager (Male) |
| 17:53 | Crear | Cavalry Archer |
| 17:53 | Crear | Cavalry Archer |
| 18:01 | Construir | Town Center |
| 18:11 | Crear | Villager (Male) |
| 18:22 | Construir | Mill |
| 18:27 | Crear | Cavalry Archer |
| 18:34 | Construir | House |
| 18:41 | Crear | Cavalry Archer |
| 18:43 | Crear | Villager (Male) |
| 18:56 | Crear | Villager (Male) |
| 19:11 | Crear | Villager (Male) |
| 19:18 | Construir | Farm |
| 19:28 | Crear | Cavalry Archer |
| 19:42 | Crear | Villager (Male) |
| 19:51 | Crear | Villager (Male) |
| 19:58 | Construir | Siege Workshop |
| 20:06 | Crear | Cavalry Archer |
| 20:19 | Crear | Cavalry Archer |
| 20:20 | Crear | Villager (Male) |
| 20:31 | Construir | House |
| 20:40 | Investigar | Town Watch |
| 20:40 | Investigar | Town Watch |
| 20:50 | Construir | Farm |
| 20:55 | Construir | Farm |
| 21:02 | Crear | Villager (Male) |
| 21:05 | Crear | Villager (Male) |
| 21:08 | Crear | Cavalry Archer |
| 21:08 | Crear | Cavalry Archer |
| 21:11 | Construir | House |
| 21:29 | Crear | Cavalry Archer |
| 21:30 | Crear | Villager (Male) |
| 21:31 | Crear | Villager (Male) |
| 21:51 | Crear | Villager (Male) |
| 21:53 | Crear | Villager (Male) |
| 21:56 | Crear | Mangonel |
| 22:12 | Crear | Cavalry Archer |
| 22:17 | Crear | Villager (Male) |
| 22:26 | Construir | Farm |
| 22:50 | Investigar | Bodkin Arrow |
| 22:52 | Crear | Villager (Male) |
| 22:52 | Crear | Villager (Male) |
| 23:07 | Crear | Villager (Male) |
| 23:27 | Crear | Villager (Male) |
| 23:29 | Construir | House |
| 23:37 | Crear | Villager (Male) |
| 23:48 | Construir | Town Center |
| 23:55 | Crear | Cavalry Archer |
| 23:55 | Crear | Cavalry Archer |
| 23:57 | Crear | Villager (Male) |
| 23:58 | Crear | Villager (Male) |
| 24:07 | Crear | Cavalry Archer |
| 24:17 | Construir | Mill |
| 24:25 | Crear | Villager (Male) |
| 24:30 | Crear | Cavalry Archer |
| 24:30 | Crear | Cavalry Archer |
| 24:36 | Crear | Villager (Male) |
| 24:37 | Crear | Villager (Male) |
| 24:44 | Construir | House |
| 24:45 | Construir | House |
| 24:58 | Crear | Cavalry Archer |
| 25:08 | Crear | Cavalry Archer |
| 25:41 | Crear | Villager (Male) |
| 25:41 | Crear | Villager (Male) |
| 25:48 | Construir | Stable |
| 25:50 | Crear | Villager (Male) |
| 25:53 | Construir | House |
| 25:57 | Construir | Lumber Camp |
| 26:25 | Crear | Battering Ram |
| 26:27 | Investigar | Bloodlines |
| 26:28 | Investigar | Husbandry |
| 26:28 | Investigar | Husbandry |
| 26:31 | Crear | Villager (Male) |
| 26:34 | Investigar | Wheelbarrow |
| 26:35 | Crear | Villager (Male) |
| 26:38 | Crear | Villager (Male) |
| 26:39 | Crear | Villager (Male) |
| 26:42 | Construir | House |
Build order — 雲
Primeras 150 de 317 acciones detectadas
| 0:18 | Construir | Town Center |
| 1:24 | Construir | House |
| 2:42 | Crear | Villager (Male) |
| 2:43 | Crear | Villager (Male) |
| 2:43 | Crear | Villager (Male) |
| 3:33 | Crear | Villager (Male) |
| 3:33 | Crear | Villager (Male) |
| 4:23 | Crear | Villager (Male) |
| 4:23 | Crear | Villager (Male) |
| 4:23 | Crear | Villager (Male) |
| 4:32 | Construir | House |
| 4:33 | Construir | Lumber Camp |
| 5:15 | Crear | Villager (Male) |
| 5:15 | Crear | Villager (Male) |
| 5:15 | Crear | Villager (Male) |
| 5:16 | Crear | Villager (Male) |
| 5:20 | Construir | House |
| 5:45 | Crear | Villager (Male) |
| 5:45 | Crear | Villager (Male) |
| 5:46 | Crear | Villager (Male) |
| 5:46 | Crear | Villager (Male) |
| 6:11 | Construir | House |
| 6:12 | Construir | House |
| 6:40 | Crear | Villager (Male) |
| 6:40 | Crear | Villager (Male) |
| 6:40 | Crear | Villager (Male) |
| 7:10 | Crear | Villager (Male) |
| 7:11 | Crear | Villager (Male) |
| 7:11 | Crear | Villager (Male) |
| 7:11 | Crear | Villager (Male) |
| 7:12 | Crear | Villager (Male) |
| 7:16 | Crear | Villager (Male) |
| 7:17 | Crear | Villager (Male) |
| 7:23 | Construir | Mill |
| 8:09 | Crear | Villager (Male) |
| 8:09 | Crear | Villager (Male) |
| 8:09 | Crear | Villager (Male) |
| 8:16 | Crear | Villager (Male) |
| 8:17 | Crear | Villager (Male) |
| 8:17 | Crear | Villager (Male) |
| 8:47 | Crear | Villager (Male) |
| 8:48 | Crear | Villager (Male) |
| 9:28 | Investigar | Loom |
| 9:32 | Construir | House |
| 9:47 | Construir | House |
| 9:57 | Crear | Villager (Male) |
| 10:03 | Construir | Mining Camp |
| 10:09 | Construir | House |
| 10:23 | Crear | Villager (Male) |
| 10:31 | Crear | Villager (Male) |
| 10:42 | Construir | Mining Camp |
| 10:44 | Crear | Villager (Male) |
| 10:47 | Investigar | Feudal Age |
| 10:47 | Investigar | Feudal Age |
| 11:36 | Construir | House |
| 12:25 | Crear | Villager (Male) |
| 12:25 | Crear | Villager (Male) |
| 12:39 | Construir | House |
| 13:09 | Construir | House |
| 13:19 | Edad | Edad Feudal |
| 13:27 | Construir | Market |
| 13:30 | Construir | Blacksmith |
| 14:03 | Crear | Villager (Male) |
| 14:36 | Crear | Villager (Male) |
| 14:39 | Investigar | Castle Age |
| 14:39 | Investigar | Castle Age |
| 14:39 | Investigar | Castle Age |
| 14:44 | Construir | Palisade Wall |
| 16:04 | Construir | Palisade Gate |
| 16:10 | Construir | Palisade Wall |
| 16:24 | Investigar | Double-Bit Axe |
| 16:24 | Investigar | Double-Bit Axe |
| 16:27 | Investigar | Stone Mining |
| 16:28 | Investigar | Stone Mining |
| 16:45 | Construir | Palisade Wall |
| 16:49 | Construir | Palisade Wall |
| 17:06 | Crear | Villager (Male) |
| 17:19 | Edad | Edad de los Castillos |
| 17:23 | Construir | Castle |
| 17:38 | Construir | Palisade Gate |
| 17:43 | Crear | Villager (Male) |
| 17:51 | Crear | Villager (Male) |
| 18:06 | Construir | Town Center |
| 18:08 | Crear | Villager (Male) |
| 18:35 | Construir | Palisade Wall |
| 18:37 | Construir | Palisade Wall |
| 18:40 | Crear | Villager (Male) |
| 18:48 | Crear | Plumed Archer |
| 18:48 | Crear | Plumed Archer |
| 19:07 | Crear | Plumed Archer |
| 19:07 | Crear | Plumed Archer |
| 19:20 | Crear | Villager (Male) |
| 19:30 | Crear | Villager (Male) |
| 19:34 | Crear | Plumed Archer |
| 19:35 | Crear | Plumed Archer |
| 19:47 | Crear | Villager (Male) |
| 20:17 | Construir | University |
| 20:22 | Construir | Palisade Wall |
| 20:25 | Crear | Villager (Male) |
| 20:27 | Crear | Villager (Male) |
| 20:35 | Crear | Villager (Male) |
| 20:36 | Crear | Villager (Male) |
| 20:44 | Crear | Plumed Archer |
| 20:44 | Crear | Plumed Archer |
| 20:49 | Crear | Villager (Male) |
| 21:03 | Investigar | Fletching |
| 21:03 | Investigar | Fletching |
| 21:03 | Investigar | Fletching |
| 21:06 | Crear | Plumed Archer |
| 21:10 | Crear | Villager (Male) |
| 21:24 | Crear | Villager (Male) |
| 21:59 | Investigar | Ballistics |
| 21:59 | Investigar | Ballistics |
| 22:00 | Investigar | Ballistics |
| 22:03 | Construir | House |
| 22:04 | Crear | Villager (Male) |
| 22:05 | Crear | Villager (Male) |
| 22:13 | Investigar | Horse Collar |
| 22:13 | Investigar | Horse Collar |
| 22:14 | Investigar | Horse Collar |
| 22:22 | Crear | Villager (Male) |
| 22:23 | Crear | Villager (Male) |
| 22:31 | Investigar | Gold Mining |
| 22:31 | Investigar | Gold Mining |
| 22:49 | Investigar | Bodkin Arrow |
| 22:49 | Investigar | Bodkin Arrow |
| 22:54 | Construir | House |
| 23:09 | Construir | Farm |
| 23:09 | Construir | Farm |
| 23:40 | Crear | Villager (Male) |
| 23:43 | Crear | Villager (Male) |
| 23:44 | Crear | Plumed Archer |
| 23:44 | Crear | Plumed Archer |
| 23:45 | Crear | Plumed Archer |
| 23:45 | Crear | Plumed Archer |
| 23:47 | Crear | Villager (Male) |
| 23:47 | Crear | Villager (Male) |
| 23:48 | Crear | Villager (Male) |
| 24:18 | Crear | Villager (Male) |
| 24:19 | Crear | Plumed Archer |
| 24:19 | Crear | Plumed Archer |
| 24:20 | Crear | Villager (Male) |
| 24:20 | Crear | Villager (Male) |
| 24:20 | Crear | Villager (Male) |
| 24:57 | Crear | Villager (Male) |
| 24:58 | Crear | Villager (Male) |
| 25:03 | Construir | Farm |
| 25:04 | Construir | Farm |
| 25:06 | Construir | Farm |
| 25:07 | Construir | Farm |
Build order — 周朝野人
Primeras 150 de 207 acciones detectadas
| 0:18 | Construir | Town Center |
| 0:25 | Construir | House |
| 1:34 | Construir | House |
| 2:34 | Crear | Villager (Male) |
| 2:34 | Crear | Villager (Male) |
| 2:34 | Crear | Villager (Male) |
| 2:38 | Crear | Villager (Male) |
| 2:38 | Crear | Villager (Male) |
| 3:20 | Construir | House |
| 3:33 | Construir | House |
| 3:49 | Crear | Villager (Male) |
| 4:21 | Crear | Villager (Male) |
| 4:43 | Crear | Villager (Male) |
| 5:01 | Crear | Villager (Male) |
| 5:16 | Construir | Lumber Camp |
| 5:24 | Crear | Villager (Male) |
| 5:35 | Crear | Villager (Male) |
| 6:19 | Crear | Villager (Male) |
| 6:19 | Crear | Villager (Male) |
| 6:31 | Crear | Villager (Male) |
| 6:31 | Crear | Villager (Male) |
| 6:35 | Construir | House |
| 6:36 | Construir | House |
| 7:03 | Crear | Villager (Male) |
| 7:16 | Construir | House |
| 7:30 | Construir | House |
| 7:34 | Construir | House |
| 7:46 | Construir | House |
| 7:52 | Construir | House |
| 7:56 | Crear | Villager (Male) |
| 7:56 | Crear | Villager (Male) |
| 7:57 | Crear | Villager (Male) |
| 8:05 | Construir | House |
| 8:14 | Crear | Villager (Male) |
| 8:29 | Construir | House |
| 8:39 | Construir | Mill |
| 8:42 | Crear | Villager (Male) |
| 8:45 | Crear | Villager (Male) |
| 9:28 | Crear | Villager (Male) |
| 9:29 | Crear | Villager (Male) |
| 10:42 | Investigar | Feudal Age |
| 10:42 | Crear | Villager (Male) |
| 10:58 | Construir | House |
| 11:00 | Construir | Palisade Wall |
| 11:00 | Construir | Palisade Gate |
| 11:22 | Construir | Barracks |
| 11:45 | Construir | Palisade Wall |
| 11:49 | Crear | Villager (Male) |
| 11:49 | Crear | Villager (Male) |
| 13:29 | Edad | Edad Feudal |
| 13:32 | Construir | Blacksmith |
| 13:35 | Construir | Stable |
| 13:41 | Construir | House |
| 13:43 | Construir | Palisade Wall |
| 14:20 | Investigar | Loom |
| 14:25 | Construir | House |
| 14:30 | Investigar | Castle Age |
| 14:43 | Construir | Farm |
| 14:44 | Construir | Farm |
| 15:09 | Investigar | Double-Bit Axe |
| 15:09 | Investigar | Double-Bit Axe |
| 15:44 | Investigar | Horse Collar |
| 15:44 | Investigar | Horse Collar |
| 15:55 | Investigar | Scale Barding Armor |
| 16:08 | Crear | Villager (Male) |
| 16:08 | Crear | Villager (Male) |
| 16:41 | Investigar | Bloodlines |
| 16:41 | Investigar | Bloodlines |
| 16:45 | Construir | Stable |
| 16:53 | Construir | Farm |
| 17:14 | Construir | House |
| 17:23 | Crear | Villager (Male) |
| 17:25 | Edad | Edad de los Castillos |
| 17:27 | Crear | Steppe Lancer |
| 17:27 | Crear | Steppe Lancer |
| 17:44 | Crear | Steppe Lancer |
| 17:44 | Crear | Steppe Lancer |
| 18:08 | Construir | Siege Workshop |
| 18:10 | Crear | Steppe Lancer |
| 18:15 | Construir | Palisade Wall |
| 18:17 | Construir | Palisade Wall |
| 18:26 | Construir | Farm |
| 18:31 | Crear | Villager (Male) |
| 18:44 | Construir | Farm |
| 18:47 | Crear | Steppe Lancer |
| 19:08 | Construir | Farm |
| 19:08 | Crear | Villager (Male) |
| 19:19 | Crear | Villager (Male) |
| 19:44 | Crear | Steppe Lancer |
| 19:46 | Crear | Battering Ram |
| 19:53 | Construir | Palisade Wall |
| 19:54 | Construir | Palisade Wall |
| 19:59 | Crear | Villager (Male) |
| 20:11 | Crear | Villager (Male) |
| 20:18 | Crear | Battering Ram |
| 20:33 | Crear | Steppe Lancer |
| 20:33 | Crear | Steppe Lancer |
| 20:45 | Crear | Villager (Male) |
| 20:47 | Construir | Farm |
| 21:03 | Crear | Villager (Male) |
| 21:07 | Crear | Villager (Male) |
| 21:08 | Construir | Farm |
| 21:10 | Construir | Farm |
| 21:25 | Construir | Farm |
| 21:35 | Crear | Steppe Lancer |
| 21:35 | Crear | Steppe Lancer |
| 21:58 | Construir | Mining Camp |
| 22:21 | Crear | Villager (Male) |
| 22:27 | Construir | Farm |
| 22:31 | Construir | Farm |
| 22:45 | Investigar | Husbandry |
| 22:54 | Crear | Battering Ram |
| 22:54 | Crear | Battering Ram |
| 23:01 | Crear | Villager (Male) |
| 23:15 | Crear | Villager (Male) |
| 23:24 | Construir | Farm |
| 23:24 | Construir | Farm |
| 23:30 | Investigar | Wheelbarrow |
| 23:49 | Construir | Lumber Camp |
| 23:50 | Crear | Villager (Male) |
| 24:00 | Crear | Villager (Male) |
| 24:12 | Construir | Farm |
| 24:12 | Construir | Farm |
| 24:35 | Investigar | Chain Barding Armor |
| 24:42 | Crear | Battering Ram |
| 24:42 | Crear | Battering Ram |
| 24:53 | Crear | Villager (Male) |
| 25:17 | Crear | Steppe Lancer |
| 25:32 | Crear | Battering Ram |
| 25:44 | Investigar | Forging |
| 25:45 | Crear | Villager (Male) |
| 26:09 | Crear | Steppe Lancer |
| 26:09 | Crear | Steppe Lancer |
| 26:11 | Crear | Villager (Male) |
| 26:28 | Crear | Steppe Lancer |
| 26:40 | Construir | Town Center |
| 27:07 | Crear | Scorpion |
| 27:07 | Crear | Scorpion |
| 27:19 | Crear | Steppe Lancer |
| 27:19 | Crear | Steppe Lancer |
| 27:19 | Crear | Steppe Lancer |
| 27:22 | Construir | House |
| 27:23 | Construir | House |
| 27:37 | Crear | Steppe Lancer |
| 27:37 | Crear | Steppe Lancer |
| 27:48 | Construir | House |
| 27:50 | Construir | Palisade Wall |
| 27:52 | Crear | Villager (Male) |
| 27:59 | Crear | Villager (Male) |
| 28:06 | Construir | Farm |
Build order — 十字。
Primeras 150 de 234 acciones detectadas
| 0:11 | Construir | Town Center |
| 1:59 | Construir | House |
| 2:33 | Construir | House |
| 2:37 | Crear | Villager (Male) |
| 2:37 | Crear | Villager (Male) |
| 2:37 | Crear | Villager (Male) |
| 2:38 | Crear | Villager (Male) |
| 2:38 | Crear | Villager (Male) |
| 2:43 | Construir | House |
| 2:46 | Construir | House |
| 2:58 | Construir | House |
| 3:15 | Construir | House |
| 3:35 | Construir | House |
| 4:10 | Crear | Villager (Male) |
| 4:30 | Crear | Villager (Male) |
| 4:52 | Construir | House |
| 5:03 | Crear | Villager (Male) |
| 5:36 | Crear | Villager (Male) |
| 5:39 | Construir | House |
| 5:51 | Construir | House |
| 5:59 | Crear | Villager (Male) |
| 6:00 | Crear | Villager (Male) |
| 6:07 | Construir | House |
| 6:28 | Construir | Lumber Camp |
| 6:42 | Crear | Villager (Male) |
| 7:07 | Crear | Villager (Male) |
| 7:31 | Construir | House |
| 7:39 | Crear | Villager (Male) |
| 7:46 | Crear | Villager (Male) |
| 7:54 | Crear | Villager (Male) |
| 8:20 | Construir | Mill |
| 8:32 | Crear | Villager (Male) |
| 8:50 | Construir | House |
| 8:58 | Crear | Villager (Male) |
| 9:07 | Investigar | Loom |
| 9:36 | Construir | House |
| 9:50 | Construir | House |
| 10:00 | Construir | Mining Camp |
| 10:13 | Investigar | Feudal Age |
| 10:29 | Construir | House |
| 11:44 | Crear | Villager (Male) |
| 12:20 | Crear | Villager (Male) |
| 12:23 | Edad | Edad Feudal |
| 12:31 | Construir | Market |
| 12:39 | Construir | Blacksmith |
| 13:13 | Crear | Villager (Male) |
| 13:26 | Construir | Palisade Wall |
| 13:32 | Construir | Palisade Wall |
| 13:55 | Investigar | Castle Age |
| 14:21 | Construir | House |
| 14:40 | Investigar | Double-Bit Axe |
| 14:40 | Investigar | Double-Bit Axe |
| 16:00 | Crear | Villager (Male) |
| 16:35 | Edad | Edad de los Castillos |
| 16:37 | Construir | Siege Workshop |
| 16:42 | Crear | Villager (Male) |
| 17:07 | Construir | Castle |
| 17:16 | Crear | Villager (Male) |
| 17:18 | Investigar | Scale Barding Armor |
| 17:25 | Construir | Barracks |
| 17:36 | Crear | Battering Ram |
| 17:40 | Crear | Villager (Male) |
| 18:00 | Crear | Villager (Male) |
| 18:07 | Crear | Villager (Male) |
| 18:20 | Crear | Magyar Huszar |
| 18:31 | Crear | Magyar Huszar |
| 19:01 | Construir | Mill |
| 19:05 | Crear | Magyar Huszar |
| 19:09 | Crear | Magyar Huszar |
| 19:29 | Crear | Magyar Huszar |
| 19:38 | Construir | Stable |
| 20:30 | Crear | Battering Ram |
| 20:31 | Crear | Battering Ram |
| 20:33 | Crear | Magyar Huszar |
| 20:33 | Crear | Magyar Huszar |
| 20:45 | Investigar | Bloodlines |
| 21:07 | Crear | Magyar Huszar |
| 21:14 | Crear | Villager (Male) |
| 21:40 | Investigar | Husbandry |
| 21:59 | Crear | Villager (Male) |
| 22:09 | Crear | Magyar Huszar |
| 22:13 | Crear | Villager (Male) |
| 22:21 | Crear | Magyar Huszar |
| 22:59 | Crear | Magyar Huszar |
| 23:20 | Crear | Magyar Huszar |
| 23:20 | Crear | Magyar Huszar |
| 23:30 | Crear | Magyar Huszar |
| 23:36 | Crear | Magyar Huszar |
| 23:46 | Construir | Town Center |
| 23:51 | Crear | Magyar Huszar |
| 23:53 | Crear | Villager (Male) |
| 23:57 | Crear | Villager (Male) |
| 24:04 | Crear | Magyar Huszar |
| 24:20 | Crear | Magyar Huszar |
| 24:37 | Investigar | Scale Mail Armor |
| 24:47 | Construir | Farm |
| 24:50 | Investigar | Chain Barding Armor |
| 24:50 | Investigar | Chain Barding Armor |
| 25:05 | Crear | Magyar Huszar |
| 25:13 | Crear | Magyar Huszar |
| 25:40 | Crear | Magyar Huszar |
| 25:49 | Construir | House |
| 26:20 | Crear | Magyar Huszar |
| 26:20 | Crear | Magyar Huszar |
| 26:20 | Crear | Magyar Huszar |
| 26:21 | Crear | Villager (Male) |
| 26:22 | Crear | Villager (Male) |
| 26:22 | Crear | Villager (Male) |
| 26:39 | Crear | Magyar Huszar |
| 26:39 | Crear | Magyar Huszar |
| 26:53 | Crear | Villager (Male) |
| 27:01 | Construir | Farm |
| 27:01 | Construir | Farm |
| 27:03 | Crear | Villager (Male) |
| 27:03 | Crear | Villager (Male) |
| 27:21 | Construir | Farm |
| 27:23 | Crear | Magyar Huszar |
| 27:23 | Crear | Magyar Huszar |
| 27:26 | Construir | Farm |
| 27:28 | Construir | Farm |
| 27:56 | Crear | Magyar Huszar |
| 27:56 | Crear | Magyar Huszar |
| 28:04 | Construir | Mining Camp |
| 28:11 | Investigar | Town Watch |
| 28:12 | Crear | Villager (Male) |
| 28:12 | Crear | Villager (Male) |
| 28:39 | Crear | Magyar Huszar |
| 28:39 | Crear | Magyar Huszar |
| 28:40 | Crear | Magyar Huszar |
| 28:50 | Crear | Magyar Huszar |
| 28:50 | Crear | Magyar Huszar |
| 29:00 | Crear | Magyar Huszar |
| 29:17 | Crear | Magyar Huszar |
| 29:17 | Crear | Magyar Huszar |
| 29:21 | Construir | House |
| 29:23 | Construir | House |
| 29:35 | Crear | Villager (Male) |
| 29:51 | Construir | Mill |
| 29:53 | Crear | Magyar Huszar |
| 29:54 | Crear | Magyar Huszar |
| 30:04 | Construir | House |
| 30:09 | Crear | Magyar Huszar |
| 30:09 | Crear | Magyar Huszar |
| 30:15 | Construir | Farm |
| 30:33 | Construir | Farm |
| 30:34 | Crear | Magyar Huszar |
| 30:34 | Crear | Magyar Huszar |
| 31:12 | Crear | Magyar Huszar |
| 31:12 | Crear | Magyar Huszar |
| 31:14 | Construir | Farm |
Build order — 快乐大唐果
Primeras 150 de 323 acciones detectadas
| 0:11 | Construir | Town Center |
| 0:41 | Construir | House |
| 2:36 | Construir | House |
| 2:44 | Crear | Villager (Male) |
| 2:44 | Crear | Villager (Male) |
| 2:45 | Crear | Villager (Male) |
| 2:45 | Crear | Villager (Male) |
| 2:45 | Crear | Villager (Male) |
| 2:51 | Construir | House |
| 3:55 | Crear | Villager (Male) |
| 4:02 | Construir | House |
| 4:40 | Crear | Villager (Male) |
| 4:54 | Crear | Villager (Male) |
| 4:54 | Crear | Villager (Male) |
| 5:18 | Construir | House |
| 5:23 | Crear | Villager (Male) |
| 5:23 | Crear | Villager (Male) |
| 5:54 | Crear | Villager (Male) |
| 5:54 | Crear | Villager (Male) |
| 5:55 | Crear | Villager (Male) |
| 6:33 | Crear | Villager (Male) |
| 6:33 | Crear | Villager (Male) |
| 6:33 | Crear | Villager (Male) |
| 6:35 | Crear | Villager (Male) |
| 7:00 | Crear | Villager (Male) |
| 7:01 | Crear | Villager (Male) |
| 7:01 | Crear | Villager (Male) |
| 7:04 | Construir | House |
| 8:07 | Construir | Lumber Camp |
| 8:42 | Construir | Mining Camp |
| 8:51 | Crear | Villager (Male) |
| 9:08 | Construir | House |
| 9:19 | Crear | Villager (Male) |
| 9:40 | Crear | Villager (Male) |
| 9:49 | Construir | House |
| 10:02 | Investigar | Feudal Age |
| 10:05 | Construir | House |
| 10:34 | Construir | Mill |
| 11:33 | Crear | Villager (Male) |
| 11:33 | Crear | Villager (Male) |
| 11:37 | Construir | House |
| 12:24 | Edad | Edad Feudal |
| 12:31 | Construir | Market |
| 12:41 | Investigar | Loom |
| 12:42 | Investigar | Town Watch |
| 12:46 | Crear | Villager (Male) |
| 13:46 | Construir | Blacksmith |
| 13:53 | Crear | Villager (Male) |
| 14:28 | Construir | Outpost |
| 14:41 | Crear | Villager (Male) |
| 15:02 | Investigar | Castle Age |
| 15:14 | Construir | Mining Camp |
| 15:19 | Construir | Outpost |
| 15:45 | Investigar | Stone Mining |
| 15:57 | Investigar | Double-Bit Axe |
| 16:32 | Construir | Donjon |
| 17:17 | Investigar | Wheelbarrow |
| 17:18 | Crear | Villager (Male) |
| 17:46 | Edad | Edad de los Castillos |
| 17:55 | Construir | Castle |
| 18:42 | Construir | Mill |
| 18:44 | Crear | Villager (Male) |
| 19:05 | Crear | Serjeant |
| 19:06 | Crear | Serjeant |
| 19:28 | Investigar | Fletching |
| 19:52 | Crear | Villager (Male) |
| 20:13 | Construir | Donjon |
| 20:16 | Crear | Villager (Male) |
| 20:23 | Crear | Villager (Male) |
| 20:43 | Crear | Villager (Male) |
| 21:32 | Construir | Palisade Wall |
| 21:39 | Crear | Villager (Male) |
| 21:46 | Crear | Villager (Male) |
| 22:11 | Construir | Town Center |
| 22:18 | Crear | Villager (Male) |
| 22:35 | Crear | Villager (Male) |
| 23:19 | Crear | Villager (Male) |
| 23:29 | Crear | Villager (Male) |
| 23:45 | Construir | Town Center |
| 23:48 | Crear | Villager (Male) |
| 23:48 | Crear | Villager (Male) |
| 24:20 | Crear | Villager (Male) |
| 24:22 | Crear | Villager (Male) |
| 24:49 | Crear | Villager (Male) |
| 25:02 | Construir | Town Center |
| 25:04 | Crear | Villager (Male) |
| 25:04 | Crear | Villager (Male) |
| 25:04 | Crear | Villager (Male) |
| 25:13 | Crear | Villager (Male) |
| 25:14 | Crear | Villager (Male) |
| 25:14 | Crear | Villager (Male) |
| 25:41 | Investigar | Horse Collar |
| 25:41 | Investigar | Horse Collar |
| 25:42 | Crear | Villager (Male) |
| 25:52 | Crear | Villager (Male) |
| 25:58 | Crear | Villager (Male) |
| 25:58 | Crear | Villager (Male) |
| 26:10 | Crear | Villager (Male) |
| 26:13 | Crear | Villager (Male) |
| 26:13 | Crear | Villager (Male) |
| 26:13 | Crear | Villager (Male) |
| 26:31 | Construir | Mill |
| 26:32 | Crear | Villager (Male) |
| 26:33 | Crear | Villager (Male) |
| 26:33 | Crear | Villager (Male) |
| 26:37 | Crear | Villager (Male) |
| 26:46 | Construir | Town Center |
| 26:47 | Crear | Villager (Male) |
| 26:55 | Crear | Villager (Male) |
| 26:55 | Crear | Villager (Male) |
| 27:02 | Crear | Villager (Male) |
| 27:03 | Crear | Villager (Male) |
| 27:12 | Crear | Villager (Male) |
| 27:21 | Crear | Villager (Male) |
| 27:22 | Crear | Villager (Male) |
| 27:22 | Crear | Villager (Male) |
| 27:29 | Construir | Mill |
| 27:37 | Crear | Villager (Male) |
| 27:41 | Crear | Villager (Male) |
| 27:46 | Construir | Lumber Camp |
| 27:54 | Crear | Villager (Male) |
| 27:56 | Crear | Villager (Male) |
| 27:57 | Crear | Villager (Male) |
| 27:57 | Crear | Villager (Male) |
| 28:08 | Crear | Villager (Male) |
| 28:08 | Crear | Villager (Male) |
| 28:17 | Crear | Villager (Male) |
| 28:24 | Construir | Mining Camp |
| 28:26 | Investigar | Gold Mining |
| 28:27 | Crear | Villager (Male) |
| 28:28 | Crear | Villager (Male) |
| 28:32 | Construir | House |
| 28:38 | Construir | House |
| 28:39 | Construir | House |
| 28:40 | Construir | House |
| 28:41 | Crear | Villager (Male) |
| 28:41 | Crear | Villager (Male) |
| 28:46 | Crear | Villager (Male) |
| 28:46 | Crear | Villager (Male) |
| 28:49 | Construir | House |
| 28:51 | Crear | Villager (Male) |
| 28:55 | Construir | Monastery |
| 28:58 | Crear | Villager (Male) |
| 29:02 | Crear | Villager (Male) |
| 29:02 | Crear | Villager (Male) |
| 29:08 | Construir | House |
| 29:09 | Construir | House |
| 29:12 | Construir | Palisade Wall |
| 29:17 | Crear | Villager (Male) |
| 29:22 | Crear | Villager (Male) |
Cronología de la partida
| 7:53 | 云无月o · wall_segment Palisade Wall x1 |
| 8:39 | 屠神除4害 · wall_segment Palisade Wall x1 |
| 8:42 | 屠神除4害 · wall_segment Palisade Wall x1 |
| 9:36 | 云无月o · first_building Barracks |
| 10:33 | 云无月o · wall_segment Palisade Wall x3 |
| 10:43 | 偏科生 · wall_segment Palisade Wall x1 |
| 10:48 | 偏科生 · wall_segment Palisade Wall x1 |
| 10:51 | 偏科生 · wall_segment Palisade Wall x11 |
| 10:53 | 偏科生 · wall_segment Palisade Wall x2 |
| 11:00 | 周朝野人 · wall_segment Palisade Wall x6 |
| 11:12 | 云无月o · wall_segment Palisade Wall x9 |
| 11:13 | 云无月o · wall_segment Palisade Wall x5 |
| 11:22 | 周朝野人 · first_building Barracks |
| 11:45 | 周朝野人 · wall_segment Palisade Wall x9 |
| 11:54 | 橘子洲头一渔夫 · first_building Barracks |
| 12:06 | 屠神除4害 · first_building Barracks |
| 12:23 | 十字。 · age_up feudal |
| 12:24 | 快乐大唐果 · age_up feudal |
| 12:36 | 橘子洲头一渔夫 · wall_segment Palisade Wall x1 |
| 12:37 | 橘子洲头一渔夫 · wall_segment Palisade Wall x1 |
| 12:39 | 橘子洲头一渔夫 · wall_segment Palisade Wall x1 |
| 12:40 | 橘子洲头一渔夫 · wall_segment Palisade Wall x4 |
| 12:45 | 橘子洲头一渔夫 · wall_segment Palisade Wall x1 |
| 12:47 | 橘子洲头一渔夫 · wall_segment Palisade Wall x1 |
| 12:48 | 橘子洲头一渔夫 · wall_segment Palisade Wall x1 |
| 12:49 | 橘子洲头一渔夫 · wall_segment Palisade Wall x1 |
| 12:52 | 云无月o · age_up feudal |
| 13:01 | 屠神除4害 · wall_segment Palisade Wall x5 |
| 13:05 | 云无月o · first_building Archery Range |
| 13:05 | 屠神除4害 · wall_segment Palisade Wall x5 |
| 13:07 | 云无月o · wall_segment Palisade Wall x1 |
| 13:07 | 屠神除4害 · wall_segment Palisade Wall x1 |
| 13:09 | 云无月o · wall_segment Palisade Wall x1 |
| 13:19 | 雲 · age_up feudal |
| 13:26 | 十字。 · wall_segment Palisade Wall x3 |
| 13:29 | 周朝野人 · age_up feudal |
| 13:30 | 橘子洲头一渔夫 · wall_segment Palisade Wall x1 |
| 13:32 | 十字。 · wall_segment Palisade Wall x6 |
| 13:33 | 橘子洲头一渔夫 · wall_segment Palisade Wall x1 |
| 13:35 | 周朝野人 · first_building Stable |
| 13:36 | 云无月o · wall_segment Palisade Wall x8 |
| 13:39 | 屠神除4害 · age_up feudal |
| 13:40 | 云无月o · wall_segment Palisade Wall x8 |
| 13:43 | 橘子洲头一渔夫 · age_up feudal |
| 13:43 | 周朝野人 · wall_segment Palisade Wall x7 |
| 13:44 | 屠神除4害 · first_building Archery Range |
| 13:51 | 橘子洲头一渔夫 · first_building Archery Range |
| 13:56 | 偏科生 · age_up feudal |
| 14:21 | 快乐大唐果 · first_market_sell 100 stone |
| 14:44 | 雲 · wall_segment Palisade Wall x1 |
| 14:49 | 云无月o · wall_segment Palisade Wall x1 |
| 14:51 | 云无月o · wall_segment Palisade Wall x1 |
| 14:58 | 偏科生 · first_market_sell 100 stone |
| 14:59 | 云无月o · wall_segment Palisade Wall x1 |
| 15:04 | 云无月o · wall_segment Palisade Wall x5 |
| 15:20 | 橘子洲头一渔夫 · wall_segment Palisade Wall x1 |
| 15:22 | 橘子洲头一渔夫 · wall_segment Palisade Wall x1 |
| 15:43 | 云无月o · wall_segment Palisade Wall x1 |
| 16:10 | 雲 · wall_segment Palisade Wall x1 |
| 16:32 | 快乐大唐果 · first_building Donjon |
| 16:35 | 十字。 · age_up castle |
| 16:37 | 十字。 · first_building Siege Workshop |
| 16:45 | 雲 · wall_segment Palisade Wall x1 |
| 16:49 | 雲 · wall_segment Palisade Wall x9 |
| 16:52 | 十字。 · first_market_buy 100 stone |
| 17:07 | 十字。 · first_building Castle |
| 17:10 | 屠神除4害 · age_up castle |
| 17:17 | 云无月o · age_up castle |
| 17:19 | 雲 · age_up castle |
| 17:23 | 雲 · first_building Castle |
| 17:25 | 十字。 · first_building Barracks |
| 17:25 | 周朝野人 · age_up castle |
| 17:26 | 橘子洲头一渔夫 · age_up castle |
| 17:46 | 快乐大唐果 · age_up castle |
| 17:51 | 偏科生 · age_up castle |
| 17:55 | 快乐大唐果 · first_building Castle |
| 17:57 | 偏科生 · first_building Castle |
| 18:08 | 周朝野人 · first_building Siege Workshop |
| 18:10 | 云无月o · wall_segment Palisade Wall x1 |
| 18:15 | 周朝野人 · wall_segment Palisade Wall x9 |
| 18:17 | 周朝野人 · wall_segment Palisade Wall x4 |
| 18:35 | 雲 · wall_segment Palisade Wall x6 |
| 18:37 | 雲 · wall_segment Palisade Wall x10 |
| 19:38 | 十字。 · first_building Stable |
| 19:53 | 周朝野人 · wall_segment Palisade Wall x14 |
| 19:54 | 周朝野人 · wall_segment Palisade Wall x3 |
| 19:58 | 屠神除4害 · first_building Siege Workshop |
| 20:22 | 雲 · wall_segment Palisade Wall x1 |
| 21:32 | 快乐大唐果 · wall_segment Palisade Wall x1 |
| 21:36 | 云无月o · first_building Siege Workshop |
| 21:57 | 雲 · first_market_sell 100 stone |
| 23:18 | 十字。 · first_market_sell 100 wood |
| 24:46 | 云无月o · wall_segment Palisade Wall x1 |
| 25:48 | 屠神除4害 · first_building Stable |
| 26:20 | 偏科生 · first_market_buy 100 food |
| 27:18 | 云无月o · wall_segment Palisade Wall x1 |
| 27:40 | 快乐大唐果 · first_market_buy 100 food |
| 27:50 | 周朝野人 · wall_segment Palisade Wall x1 |
| 28:55 | 快乐大唐果 · first_building Monastery |
| 28:57 | 云无月o · first_building Castle |
| 29:07 | 云无月o · first_market_sell 100 wood |
| 29:12 | 快乐大唐果 · wall_segment Palisade Wall x1 |
| 30:37 | 快乐大唐果 · first_building Barracks |
| 31:33 | 周朝野人 · wall_segment Palisade Wall x1 |
| 31:36 | 周朝野人 · wall_segment Palisade Wall x1 |
| 31:41 | 周朝野人 · wall_segment Stone Wall x1 |
| 31:44 | 周朝野人 · wall_segment Stone Wall x5 |
| 31:52 | 雲 · first_building Siege Workshop |
| 32:46 | 云无月o · wall_segment Palisade Wall x1 |
| 33:16 | 快乐大唐果 · first_building Siege Workshop |
| 33:39 | 周朝野人 · wall_segment Palisade Wall x1 |
| 34:00 | 周朝野人 · wall_segment Stone Wall x1 |
| 34:12 | 云无月o · age_up imperial |
| 34:27 | 偏科生 · age_up imperial |
| 34:35 | 偏科生 · first_building Barracks |
| 36:44 | 雲 · first_building Barracks |
| 38:31 | 屠神除4害 · first_building Castle |
| 38:49 | 快乐大唐果 · age_up imperial |
| 39:14 | 周朝野人 · resign |
[ ANÁLISIS IA · 1 CRÉDITO ]
¿Qué pasó realmente en esta partida?
Wolo.gg analiza cada decisión: build order, eco, micro, errores típicos por bracket. Análisis personalizado por WhatsApp o Discord en 30 segundos.
Guía civ
Italianos
Perfil
Jugador #17710474